 Dungeon Crawl Stone Soup version 0.32-a0-825-g0e82a1035d (webtiles) character file.

Game seed: 909820804611740381

5683 CromulentBort the Thaumaturge (level 10, -1/52 HPs)
             Began as a Gargoyle Earth Elementalist on Mar 25, 2024.
             Incinerated by a bombardier beetle (4 damage)
             ... with a burning spray
             ... on level 7 of the Dungeon.
             The game lasted 00:19:48 (6849 turns).

CromulentBort the Thaumaturge (GrEE)                Turns: 6849, Time: 00:19:49

Health: -1/52      AC: 11    Str: 12    XL:     10   Next: 75%
Magic:  23/26      EV: 16    Int: 20    God:
Gold:   90         SH:  0    Dex: 10    Spells: 18/33 levels left

rFire   . . .        K - +1 flail (holy)
rCold   . . .        (no shield)
rNeg    + . .        G - +0 steam dragon scales
rPois   ∞            (no helmet)
rElec   +            k - +0 cloak
rCorr   .            n - +0 pair of gloves
SInv    .            (no boots)
Will    .....        (no amulet)
Stlth   +            A - +5 ring of evasion
HPRegen 0.28/turn    F - +4 ring of slaying
MPRegen 0.20/turn

%: no passive effects
@: on fire, hasted, glowing, very quick
A: sickness immunity, AC +7, negative energy resistance 1, electricity
resistance, torment resistance 1, petrification resistance, deformed body
a: no special abilities


You were on level 7 of the Dungeon.
You visited 2 branches of the dungeon, and saw 9 of its levels.

You collected 238 gold pieces.
You spent 148 gold pieces at shops.

Inventory:

Hand Weapons
 h - a +5 short sword
 m - a +5 spear of freezing
 J - a +2 spear of venom
 K - a +1 flail of holy wrath (weapon)
Missiles
 o - 103 stones
Armour
 k - a +0 cloak (worn)
 n - a +0 pair of gloves (worn)
 G - +0 steam dragon scales (worn)
 I - the +1 robe of Hairiness {-Tele rF+ Str+3 SInv}
   (You bought it in a shop on level 6 of the Dungeon)

   Str+3:     It affects your strength (+3).
   rF+:       It protects you from fire.
   SInv:      It lets you see invisible.
   -Tele:     It prevents most forms of teleportation.
Jewellery
 a - a ring of see invisible
 j - a ring of wizardry
 x - a ring of fire
 A - a +5 ring of evasion (left hand)
 F - a +4 ring of slaying (right hand)
Talismans
 c - a flux talisman
 g - a blade talisman
Wands
 p - a wand of mindburst (11)
 C - a wand of polymorph (17)
Scrolls
 e - 2 scrolls of vulnerability
 l - 2 scrolls of fog
 r - a scroll of fear {unknown}
 v - a scroll of revelation {unknown}
 w - 3 scrolls of teleportation
 y - a scroll of immolation {unknown}
 z - a scroll of identify {unknown}
 B - 3 scrolls of noise {unknown}
 E - a scroll of enchant weapon {unknown}
 H - a scroll of poison {unknown}
Potions
 b - 2 potions of magic
 i - a potion of might {unknown}
 q - a potion of attraction {unknown}
 s - a potion of heal wounds {unknown}
 t - 3 potions of curing


   Skills:
 * Level 1.5 Fighting
 - Level 1.5 Dodging
 - Level 2.1 Stealth
 - Level 12.0 Spellcasting
 - Level 1.1 Conjurations
 - Level 11.2 Earth Magic


You had 18 spell levels left.
You knew the following spells:

 Your Spells              Type           Power      Damage    Failure   Level
a - Sandblast             Erth           100%       2d20      1%          1
b - Stone Arrow           Conj/Erth      72%        3d11      1%          3
c - Brom's Barrelling Bo  Conj/Erth      36%        2d6       4%          4
d - Scorch                Fire           24%        2d6       9%          2
e - Lee's Rapid Deconstr  Erth           27%        3d14*     1%          5

Your spell library contained the following spells:

 Spells                   Type           Power      Damage    Failure   Level
 Passwall                 Erth           54%        N/A       1%          3
 Sting                    Conj/Alch      56%        1d6       4%          1
 Summon Small Mammal      Summ           48%        N/A       5%          1
 Leda's Liquefaction      Alch/Erth      17%        N/A       5%          4
 Petrify                  Alch/Erth      34%        N/A       5%          4
 Mercury Vapours          Alch/Air       24%        N/A       9%          2
 Borgnjor's Vile Clutch   Necr/Erth      17%        N/A       16%         5
 Call Canine Familiar     Summ           12%        N/A       17%         3
 Frozen Ramparts          Ice            24%        1d4       17%         3
 Ozocubu's Armour         Ice            12%        N/A       17%         3
 Flame Wave               Conj/Fire      14%        2d6       41%         4
 Animate Dead             Necr           12%        N/A       50%         4
 Olgreb's Toxic Radiance  Alch           12%        N/A       50%         4
 Summon Blazeheart Golem  Fire/Summ      12%        N/A       50%         4
 Permafrost Eruption      Ice/Erth       17%        2x4d6     65%         6
 Metabolic Englaciation   Hex/Ice        6%         N/A       83%         5
 Death Channel            Necr           6%         N/A       100%        6
 Summon Cactus Giant      Summ           6%         N/A       100%        6


Dungeon Overview and Level Annotations

Branches:
Dungeon (8/15)             Temple (1/1) D:5
   Lair: D:8-11

Altars:
Ashenzari
Cheibriados
Dithmenos
Elyvilon
Fedhas
Gozag
Hepliaklqana
Kikubaaqudgha
Makhleb
Nemelex Xobeh
Okawaru
Ru
Sif Muna
Trog
Uskayaw
Vehumet
Wu Jian
Xom
Yredelemnul
The Shining One

Shops:
D:6 [


Innate Abilities, Weirdness & Mutations

You are immune to sickness and miasma.
Your stone body is resilient. (AC +7)
You are immune to poison.
You resist negative energy. (rN+)
You are resistant to electric shocks. (rElec)
You are resistant to unholy torment.
You are immune to petrification.
Armour fits poorly on your strangely shaped body.


Message History

Press: ? - help, Shift-Dir - straight line, f/p - bombardier beetle
Aim: a bombardier beetle (almost dead, 91% to hit)
The blast of sand misses the bombardier beetle.
The liquid fire burns you!
You are on fire!
Casting: Sandblast (safe; 1% risk of failure)
Confirm with . or Enter, or press ? or * to list all spells.
Aiming: Sandblast (safe; 1% risk of failure)
Press: ? - help, Shift-Dir - straight line, f/p - bombardier beetle
Aim: a bombardier beetle (almost dead, 91% to hit)
The blast of sand hits the bombardier beetle but does no damage.
The bombardier beetle is almost dead.
The liquid fire burns you!
Casting: Sandblast (safe; 1% risk of failure)
Confirm with . or Enter, or press ? or * to list all spells.
Aiming: Sandblast (safe; 1% risk of failure)
Press: ? - help, Shift-Dir - straight line, f/p - bombardier beetle
Aim: a bombardier beetle (almost dead, 91% to hit)
The blast of sand hits the bombardier beetle!!
You kill the bombardier beetle!
The liquid fire burns you!
You are on fire!
You are on fire!
You are on fire!
The liquid fire burns you! The liquid fire burns you!
* * * LOW HITPOINT WARNING * * *
The liquid fire burns you!
* * * LOW HITPOINT WARNING * * *
The liquid fire burns you!
* * * LOW HITPOINT WARNING * * *
The liquid fire burns you!
* * * LOW HITPOINT WARNING * * *
It was a potion of mutation.
You feel extremely strange.
Your body twists and deforms.
The liquid fire burns you!
* * * LOW HITPOINT WARNING * * *
It was a potion of haste.
You feel yourself speed up. The liquid fire burns you!
You die...

#.#######)##.........#####......
#.# #.##.#######........#..#
##.##### #.##.........# #..#..#
.......# #.##.........# #..#..#
..#.##.###.##..#####..# #..#..#
.###).o[..............#####.....#
..#.######.##..####.)[).........#
.#.# .....>..####.#.#####..#...
..#.# ##.#.....@...#.# #..#...
.#.## #...#..........#####.#.##
#### ###########.#####....#.÷.
.....###.##...## # #.♣♣
.#........# # #. ###.##._.## # #
#.........# #...##....#
##..##.#..#


There were no monsters in sight!

Vanquished Creatures
  2 centaur warriors (D:7)
  A cyclops (D:7)
  A manticore (D:7)
  An ugly thing (D:7)
  Grinder (D:4)
  A shadow (D:7)
  A vampire mosquito (D:7)
  2 steam dragons
  A water moccasin (D:7)
  2 orc warriors
  A sky beast (D:7)
  An ice beast (D:6)
  A centaur (D:7)
  4 ogres
  2 phantoms
  5 bullfrogs (D:7)
  2 scorpions (D:6)
  5 wights (D:7)
  A howler monkey (D:6)
  3 bombardier beetles
  2 hounds
  A jelly (D:4)
  4 orc priests
  7 iguanas
  A sleepcap (D:6)
  A gnoll bouda (D:8)
  3 orc wizards
  9 gnolls
  7 adders
  2 white imps
  An ufetubus (D:7)
  2 dart slugs
  4 ribbon worms
  30 orcs
  5 endoplasms
  4 giant cockroaches
  4 goblins
  4 hobgoblins
  6 quokkas
  8 ball pythons
  8 bats
  3 frilled lizards
  5 kobolds
  3 rats (D:1)
162 creatures vanquished.

Vanquished Creatures (others)
  2 orcs (D:5)
2 creatures vanquished.

Grand Total: 164 creatures vanquished

Notes
Turn   | Place    | Note
-------+----------+-------------------------------------------
     0 | D:1      | CromulentBort the Gargoyle Earth Elementalist began the
                  | quest for the Orb.
     0 | D:1      | Reached XP level 1. HP: 10/10 MP: 3/3
   348 | D:1      | Reached XP level 2. HP: 7/15 MP: 3/5
  1274 | D:2      | Reached XP level 3. HP: 19/19 MP: 6/6
  1301 | D:2      | Reached skill level 5 in Earth Magic
  1446 | D:2      | Found a faded altar of an unknown god.
  1621 | D:2      | Learned a level 3 spell: Stone Arrow
  1853 | D:2      | Reached XP level 4. HP: 24/24 MP: 3/7
  3158 | D:4      | Noticed a phantom
  3163 | D:4      | Reached XP level 5. HP: 28/28 MP: 5/8
  3167 | D:4      | Killed a phantom
  3307 | D:4      | Noticed Grinder
  3321 | D:4      | Reached XP level 6. HP: 32/32 MP: 5/9
  3376 | D:4      | Found a radiant altar of Vehumet.
  3409 | D:4      | Found the +6 shillelagh "Devastator" {shatter}
  3569 | D:4      | Paralysed by Grinder for 2 turns
  3573 | D:4      | Killed Grinder
  3574 | D:4      | Reached skill level 10 in Earth Magic
  3574 | D:4      | Reached XP level 7. HP: 29/36 MP: 2/10
  3579 | D:4      | Learned a level 4 spell: Brom's Barrelling Boulder
  3582 | D:4      | Learned a level 2 spell: Scorch
  3839 | D:5      | Entered Level 5 of the Dungeon
  3846 | D:5      | Found a staircase to the Ecumenical Temple.
  3858 | D:5      | Noticed a steam dragon
  3870 | D:5      | Killed a steam dragon
  4025 | Temple   | Entered the Ecumenical Temple
  4195 | D:5      | Found a white marble altar of Elyvilon.
  4303 | D:5      | Reached XP level 8. HP: 41/41 MP: 8/11
  4433 | D:5      | Found a sacrificial altar of Ru.
  4834 | D:6      | Reached skill level 3 in Spellcasting
  4919 | D:6      | Reached skill level 4 in Spellcasting
  5077 | D:6      | Learned a level 5 spell: Lee's Rapid Deconstruction
  5084 | D:6      | Found Wosab's Antique Armour Emporium.
  5092 | D:6      | Reached skill level 5 in Spellcasting
  5147 | D:6      | Bought a smoking robe for 148 gold pieces
  5147 | D:6      | Identified the +1 robe of Hairiness {-Tele rF+ Str+3 SInv}
                  | (You bought it in a shop on level 6 of the Dungeon)
  5213 | D:6      | You fall into a shaft and drop 2 floors!
  5218 | D:8      | Found a hazy altar of Hepliaklqana.
  5305 | D:7      | Reached skill level 6 in Spellcasting
  5309 | D:7      | Reached XP level 9. HP: 24/45 MP: 12/18
  5541 | D:7      | Reached skill level 7 in Spellcasting
  5638 | D:7      | HP: 1/45 [something (20)]
  5797 | D:7      | Noticed a manticore
  5797 | D:7      | Noticed a purple ugly thing
  5853 | D:7      | Killed a purple ugly thing
  5854 | D:7      | Reached skill level 8 in Spellcasting
  5860 | D:7      | Killed a manticore
  5861 | D:7      | Reached skill level 9 in Spellcasting
  6019 | D:7      | Found a shimmering altar of Xom.
  6051 | D:7      | Found a shadowy altar of Dithmenos.
  6286 | D:7      | Reached XP level 10. HP: 50/50 MP: 10/23
  6378 | D:7      | Reached skill level 10 in Spellcasting
  6417 | D:7      | Noticed a centaur warrior
  6417 | D:7      | Noticed a cyclops
  6419 | D:7      | Noticed a centaur warrior
  6422 | D:7      | Killed a centaur warrior
  6429 | D:7      | Killed a cyclops
  6430 | D:7      | Reached skill level 11 in Spellcasting
  6441 | D:7      | Killed a centaur warrior
  6656 | D:7      | Found a blossoming altar of Fedhas.
  6725 | D:7      | Reached skill level 12 in Spellcasting
  6734 | D:7      | Reached skill level 1 in Fighting
  6848 | D:7      | Gained mutation: Armour fits poorly on your strangely
                  | shaped body. [potion of mutation]
  6849 | D:7      | Incinerated by a bombardier beetle

Illustrated notes

Levels and vault maps discovered:
D:1:      dpeg_arrival_three_same_balls, layout_basic, serial_forest,
          infiniplex_forest_lined_2, infiniplex_forest_lined_room_,
          infiniplex_forest_lined_2, infiniplex_forest_straight_1,
          infiniplex_forest_clump_small, infiniplex_forest_clump_long,
          infiniplex_forest_straight_2
D:2:      layout_loops_cross, basic_ecumenical_altar,
          minmay_misc_feat_more_columns, dreamdust_princess_bridge
D:3:      layout_basic
D:4:      layout_basic, mainiacjoe_overflow_paths,
          dilly_guarded_unrand_devastator, uniq_grinder
D:5:      layout_loops_ring, overflow_temple_1_default,
          mainiacjoe_overflow_tiny_flanked, minmay_temple_entry_large_hall
D:6:      layout_loops_ring, zin_statuary, serial_shops, nicolae_diamond_shop
D:7:      nzn_winding_woodlands_large [nzn_winding_woodlands_5x5_three,
          nzn_winding_woodlands_5x15_pool, nzn_winding_woodlands_5x5_open_star,
          nzn_winding_woodlands_center_lodge,
          nzn_winding_woodlands_15x15_boxy_spiral,
          nzn_winding_woodlands_center_pierced_h,
          nzn_winding_woodlands_5x5_default, nzn_winding_woodlands_5x15_zeroes,
          nzn_winding_woodlands_5x5_perimeter], layout_loops_ring,
          lemuel_doored_altar, mainiacjoe_overflow_boulevard,
          amcnicky_altar_gilded
D:8:      layout_cave_pools, nicolae_hepliaklqana_hippocampus,
          serial_gnoll_camp, gnoll_camp_mini_doghouse, gnoll_camp_medium_02,
          gnoll_camp_mini_loothouse, gnoll_camp_mini_hut, gnoll_camp_huts_basic,
          gnoll_camp_mini_hut
Temple:   nicolae_temple_god_jail

Skill      XL: |  1  2  3  4  5  6  7  8  9 10 |
---------------+-------------------------------+-----
Earth Magic    | 4 5 6 7 10 11 | 11.2
Spellcasting   | 6 9 12 | 12.0
Fighting       | 1 |  1.5
Dodging        | |  1.5
Stealth        | |  2.1
Conjurations   | |  1.1

Action                     |  1- 3 |  4- 6 |  7- 9 | 10-12 || total
---------------------------+-------+-------+-------+-------++-------
  Melee: Short sword       |    67 |    11 |    69 |     5 ||   152
         Unarmed           |     1 |       |       |       ||     1
         Glaive            |     1 |    17 |       |       ||    18
         Morningstar       |       |    84 |       |       ||    84
         Spear             |       |       |    50 |     6 ||    56
         Flail             |       |       |     9 |    10 ||    19
   Cast: Sandblast         |    33 |    37 |    78 |    27 ||   175
         Stone Arrow       |       |       |    12 |    10 ||    22
         Lee's Rapid Decon |       |       |     2 |     1 ||     3
    Use: Scroll            |       |       |     4 |     1 ||     5
         Potion            |       |       |     2 |     3 ||     5
   Stab: Sleeping          |     1 |     3 |     2 |       ||     6
 Armour: Robe              |    55 |       |       |       ||    55
         Leather armour    |    11 |    93 |    15 |       ||   119
         Steam dragon scal |       |       |    95 |    48 ||   143
  Dodge: Dodged            |    64 |   132 |   143 |    44 ||   383

Table legend: (Time is in decaauts)
 A = Elapsed time spent in this place.
 B = Non-inter-level travel time spent in this place.
 C = Inter-level travel time spent in this place.
 D = Time resting spent in this place.
 E = Time spent auto-exploring this place.
 F = Levels seen in this place.
 G = Mean time per level.
                   A        B        C        D        E       F      G
               +--------+--------+--------+--------+--------+-----+--------+
         Total |   6995 |   6893 |    102 |    932 |   4347 |   9 |  777.2 |
       Dungeon |   6953 |   6851 |    102 |    932 |   4347 |   8 |  869.1 |
        Temple |     41 |     41 |      0 |      0 |      0 |   1 |   41.0 |
               +--------+--------+--------+--------+--------+-----+--------+

Top non-repeatable levels by time:
     D:7: 1389 daAuts
     D:1: 1241 daAuts
     D:3: 1076 daAuts
     D:5: 900 daAuts
     D:2: 890 daAuts
     D:4: 719 daAuts
     D:6: 521 daAuts
     D:8: 215 daAuts
  Temple: 41 daAuts
